AoeStats
← Abo Shajumaro

African Clearing

510639373Analyzed
2v2 RM · 1d ago on Oct 1, 2026· 50m 42s· 4 players
Game mode
Random Map
Map size
Medium (4 player)
Population
200
Speed
Normal
Resources
Standard
Victory
Conquest
Starting age
Dark Age
Ending age
Imperial Age
RankedLock teamsTeams togetherTeam positionsShared explorationLock speedFull tech treeHidden civsTurbo modeCheats
Victory
Defeat
🇧🇷 Vietnamese · Brazil
1206
+12
🇧🇷 Huns · Brazil
1136
+16
🇩🇰 Persians · Denmark
1123
-14
🇩🇰 Cumans · Denmark
1122
-14
cafifi(*_*)#
6:31 Loom
13:52 Feudal Age
18:43 Castle Age
16:43 Horse Collar
18:22 Scale Barding Armor
27:47 Wheelbarrow
27:44 Pikeman
30:19 Double-Bit Axe
31:06 Fletching
31:28 Forging
32:28 Scale Mail Armor
33:21 Heavy Plow
33:38 Bow Saw
34:27 Husbandry
35:07 Chain Mail Armor
36:40 Squires
36:49 Arson
38:06 Iron Casting
42:46 Imperial Age
41:29 Gold Mining
44:47 Ballistics
44:38 Caravan
45:42 Two-Man Saw
44:46 Padded Archer Armor
44:55 Cavalier
46:55 Gold Shaft Mining
47:02 Halberdier
47:16 Halberdier
48:21 Chain Barding Armor
48:30 Stone Mining
49:00 Paladin
49:32 Town Watch
51:11 Plate Barding Armor
Mustafá ™
3:34 Loom
13:23 Feudal Age
19:04 Castle Age
17:43 Fletching
17:54 Padded Archer Armor
20:00 Bodkin Arrow
21:49 Leather Archer Armor
22:23 Wheelbarrow
27:22 Double-Bit Axe
27:21 Horse Collar
30:29 Town Watch
31:02 Bow Saw
32:02 Gold Mining
32:05 Stone Mining
32:56 Thumb Ring
35:13 Hand Cart
36:33 Ballistics
36:20 Husbandry
36:31 Bloodlines
38:47 Forging
38:43 Scale Barding Armor
43:00 Imperial Age
41:11 Crossbowman
42:37 Iron Casting
42:23 Chain Barding Armor
42:25 Squires
42:10 Arson
41:46 Pikeman
42:28 Scale Mail Armor
44:05 Bracer
44:13 Elite Fire Lancer
44:19 Heavy Cavalry Archer
46:05 Chemistry
45:01 Murder Holes
45:52 Paper Money
48:18 Halberdier
49:37 Ring Archer Armor
50:44 Chain Mail Armor
Jub Jub
4:22 Loom
14:00 Feudal Age
15:17 Double-Bit Axe
18:42 Castle Age
18:52 Forging
24:55 Husbandry
27:52 Scale Barding Armor
29:17 Chain Barding Armor
29:53 Bloodlines
31:25 Iron Casting
32:39 Wheelbarrow
41:50 Hand Cart
44:08 Imperial Age
43:58 Cavalier
46:12 Savar
48:49 Plate Barding Armor
49:15 Blast Furnace
50:22 Conscription
Abo Shajumaro
12:49 Feudal Age
11:06 Loom
13:35 Double-Bit Axe
15:08 Horse Collar
22:45 Castle Age
20:41 Town Watch
23:35 Fletching
25:17 Bloodlines
24:28 Light Cavalry
25:35 Elite Skirmisher
26:51 Scale Barding Armor
30:05 Bow Saw
31:25 Heavy Plow
33:17 Capped Ram
35:06 Forging
35:22 Bodkin Arrow
37:54 Iron Casting
39:22 Wheelbarrow
38:56 Padded Archer Armor
44:13 Imperial Age
41:38 Gold Mining
45:05 Chain Barding Armor
45:28 Conscription
46:01 Leather Archer Armor
Connection lost

Rejoining the realm…

Still unreachable

The connection could not be restored.

Session expired

The server has moved on; the page needs a fresh start.